 Dungeon Crawl Stone Soup version 0.24.1-14-gf8d2b509d9 (webtiles) character file.

Game seed: 10480821421920033689, levelgen mode: deterministic

189 Gruesph the Poker (level 5, 0/40 HPs)
             Began as a Merfolk Skald on May 16, 2020.
             Was an Initiate of Fedhas.
             Killed by divine providence
             ... invoked by an orc priest
              (15 damage)
             ... on level 2 of the Dungeon.
             The game lasted 00:16:55 (3736 turns).

Gruesph the Poker (Merfolk Skald)                   Turns: 3736, Time: 00:16:55

Health: 0/40       AC:  5    Str: 16    XL:     5   Next: 68%
Magic:  7/8        EV: 12    Int: 12    God:    Fedhas [......]
Gold:   144        SH:  0    Dex: 14    Spells: 2/8 levels left

rFire    . . .     SeeInvis .   a - +0 spear
rCold    . . .     Gourm    .   (no shield)
rNeg     . . .     Faith    .   j - +0 ring mail
rPois    .         Spirit   .   (no helmet)
rElec    .         Reflect  .   (no cloak)
rCorr    .         Harm     .   (no gloves)
MR       .....                  (no boots)
Stlth    +.........             n - amulet of the acrobat (curse)
HPRegen  0.13/turn              e - +4 ring of strength
MPRegen  0.11/turn              (no ring)

@: infused
A: change form in water, swift swim, stealthy swim
a: Renounce Religion


You were on level 2 of the Dungeon.
You worshipped Fedhas.
Fedhas was noncommittal.
You were very hungry.

You visited 1 branch of the dungeon, and saw 3 of its levels.

You collected 144 gold pieces.

Inventory:

Hand Weapons
 a - a +0 spear (weapon)
Missiles
 c - 102 stones (quivered)
 h - 3 atropa-tipped darts
Armour
 j - a +0 ring mail (worn)
Jewellery
 e - a +4 ring of strength (left hand)
 n - a cursed amulet of the acrobat (around neck)
Scrolls
 b - a scroll of enchant weapon {unknown}
 d - 3 scrolls of teleportation {unknown}
 k - a scroll of blinking {unknown}
Potions
 i - a potion of haste
 l - a potion of agility {unknown}
Comestibles
 f - 4 rations


   Skills:
 + Level 2.8 Fighting
 + Level 5.8 Polearms
 - Level 1.0 Armour
 - Level 3.0 Dodging
 - Level 2.0 Stealth
 - Level 2.0 Spellcasting
 + Level 4.5 Charms


You had 2 spell levels left.
You knew the following spells:

 Your Spells              Type           Power        Failure   Level  Hunger
a - Infusion              Chrm           ##..         9%          1    ##.....
b - Song of Slaying       Chrm           ##......     12%         2    ###....
c - Spectral Weapon       Hex/Chrm       #.......     52%         3    ####...

Your spell library contained the following spells:

 Spells                   Type           Power        Failure   Level  Hunger
 Shroud of Golubria       Chrm/Tloc      #.....       30%         2    ###....
 Regeneration             Chrm/Necr      #.........   52%         3    ####...


Dungeon Overview and Level Annotations

Branches:
Dungeon (3/15)

Altars:
Fedhas
Trog

Annotations:
D:1 items across lava
D:2 1 runed translucent door, Crazy Yiuf


Message History

The orc priest closely misses you.
You barely miss the orc priest.
The orc priest is severely wounded.
The orc priest hits you with a +0 short sword.
You barely miss the orc priest.
The orc priest is severely wounded.
You barely miss the orc priest.
The orc priest is severely wounded.
The orc priest mumbles some strange prayers to Beogh against you.
Pain shoots through your body!
You are too injured to fight recklessly!
You are too injured to fight recklessly!
Casting: Song of Slaying (safe; 12% risk of failure)
Confirm with . or Enter, or press ? or * to list all spells.
You begin infusing your attacks with magical energy.
You are feeling very hungry.
The orc priest calls down the wrath of Beogh upon you.
Beogh smites you!
You die...
Fedhas appreciates your contribution to the ecosystem.

#............#.#........#
#............#.#........#
#............#.#........#
###............#.#........#
..'.....#####..#.#........#####
###.....# ##.#.####.........#
.....##.######...####....[....#
.....##.........o[..'.........#
.....#####......@####.........#
.....# #.####### #.........#
.....# #.# #.........# ######
#.# #.........# ##########.#
#.........# ...........#
#.........# ##########.#
#.........# ### #.........#
###########


You could see an orc priest.

Vanquished Creatures
  An orc priest (D:3)
  2 orc wizards (D:2)
  2 adders
  2 oozes (D:1)
  2 worms (D:2)
  A dart slug (D:1)
  2 leopard geckos
  5 orcs
  13 bats
  3 giant cockroaches (D:2)
  7 goblins
  4 hobgoblins
  2 jackals (D:1)
  2 quokkas (D:2)
  3 frilled lizards
  4 kobolds
  11 rats
66 creatures vanquished.

Notes
Turn   | Place    | Note
-------+----------+-------------------------------------------
     0 | D:1      | Gruesph the Merfolk Skald began the quest for the Orb.
     0 | D:1      | Reached XP level 1. HP: 16/16 MP: 3/3
    53 | D:1      | Reached skill level 1 in Stealth
    53 | D:1      | Reached XP level 2. HP: 22/22 MP: 3/5
    57 | D:1      | Learned a level 2 spell: Song of Slaying
   312 | D:1      | Reached skill level 4 in Polearms
   420 | D:1      | Reached XP level 3. HP: 27/27 MP: 0/6
   576 | D:1      | Learned a level 3 spell: Spectral Weapon
  1680 | D:2      | Reached skill level 1 in Armour
  1788 | D:2      | Found a blossoming altar of Fedhas.
  1923 | D:2      | Reached XP level 4. HP: 33/33 MP: 7/7
  1992 | D:2      | Found a bloodstained altar of Trog.
  2551 | D:2      | Found a runed translucent door.
  2552 | D:2      | Noticed Crazy Yiuf
  2672 | D:2      | Became a worshipper of Fedhas Madash
  2763 | D:2      | Reached skill level 5 in Polearms
  2917 | D:2      | Reached XP level 5. HP: 4/39 MP: 4/8
  3736 | D:2      | Killed from afar by an orc priest

Levels and vault maps discovered:
D:1:      erik_arrival_gehennom, layout_basic
D:2:      layout_basic, bloody_trog, fedhas_altar_2, uniq_crazy_yiuf_cottage
D:3:      layout_basic, first_ration

Skill      XL: |  1  2  3  4 |
---------------+-------------+-----
Stealth        | 1 2 |  2.0
Polearms       | 4 5 |  5.8
Dodging        | 3 |  3.0
Armour         | 1 |  1.0
Charms         | 4 |  4.5
Fighting       | |  2.8
Spellcasting   | |  2.0

Action                   |  1- 3 |  4- 6 || total
-------------------------+-------+-------++-------
Melee: Spear             |   106 |   122 ||   228
Throw: Stone             |    31 |    12 ||    43
       Dart              |       |     4 ||     4
 Cast: Infusion          |    10 |     9 ||    19
       Song of Slaying   |     2 |     6 ||     8
  Use: Potion            |       |     2 ||     2
 Stab: Sleeping          |     5 |       ||     5
  Eat: Chunk             |     1 |     5 ||     6
       Ration            |     1 |       ||     1
Armor: Leather armour    |    13 |       ||    13
       Ring mail         |    14 |    28 ||    42
Dodge: Dodged            |    45 |    59 ||   104
